 Dungeon Crawl Stone Soup version 0.21-a0-538-gd16b88a (webtiles) character file.

14781 theanonym the Martial Artist (level 11, -1/91 HPs)
             Began as a Demonspawn Monk on Dec 16, 2017.
             Was a High Priest of Makhleb.
             Slain by an ice beast (11 damage)
             ... summoned by an ice statue
             ... in an ice cave.
             The game lasted 00:34:32 (15031 turns).

theanonym the Martial Artist (Demonspawn Monk)     Turns: 15031, Time: 00:34:33

Health: -1/91      AC: 16    Str: 15    XL:     11   Next: 93%
Magic:  0/24       EV:  7    Int: 11    God:    Makhleb [*****.]
Gold:   379        SH:  7    Dex: 16    Spells: 9/10 levels left

rFire    . . .     SeeInvis .     - Unarmed
rCold    . . .     Gourm    .   N - +2 buckler
rNeg     . . .     Faith    .   x - +0 plate armour {18}
rPois    .         Spirit   +   (helmet restricted)
rElec    .         Reflect  .   u - +0 cloak {+Inv}
rCorr    .         Harm     .   (no gloves)
MR       +....                  i - +1 pair of boots {run}
Stlth    ..........             b - amulet of guardian spirit {Spirit}
HPRegen  0.25/turn              A - ring of protection from magic {MR+}
MPRegen  0.19/turn              m - ring of magical power {MP+9}

@: quick
A: antennae 1, claws 2, talons 1, demonic guardian 1, nightstalker 1
a: Minor Destruction, Lesser Servant of Makhleb, Major Destruction, Greater
Servant of Makhleb, Renounce Religion, Evoke Invisibility


Innate Abilities, Weirdness & Mutations

You have a pair of small antennae on your head.
You have very sharp fingernails.
You have sharp toenails.
A weak demonic guardian rushes to your aid.
You are slightly more attuned to the shadows.


   Skills:
 + Level 10.2 Fighting
 + Level 5.7 Armour
 - Level 5.0 Dodging
 - Level 1.7 Stealth
 - Level 4.0 Shields
 * Level 12.4 Unarmed Combat
 + Level 6.0 Invocations


You had 9 spell levels left.
You knew the following spells:

 Your Spells              Type           Power        Failure   Level  Hunger
q - Apportation           Tloc           #.....       100%        1    ##.....

Skill      XL: |  1  2  3  4  5  6  7  8  9 10 11 |
---------------+----------------------------------+-----
Unarmed Combat | 3 4 5 6 7 9 10 11 12 | 12.4
Fighting       | 4 5 6 7 8 9 10 | 10.2
Invocations    | 2 4 6 |  6.0
Dodging        | 3 5 |  5.0
Armour         | 2 4 5 |  5.7
Shields        | 4 |  4.0
Stealth        | |  1.7

Action                   |  1- 3 |  4- 6 |  7- 9 | 10-12 || total
-------------------------+-------+-------+-------+-------++-------
Melee: Unarmed           |   161 |   181 |   336 |   475 ||  1153
       Kick              |       |    41 |    94 |   116 ||   251
       Punch             |       |     2 |    10 |    14 ||    26
Throw: Throwing net      |       |       |       |     1 ||     1
 Cast: Apportation       |       |       |       |     4 ||     4
Invok: Minor Destruction |       |       |    14 |    59 ||    73
       Lesser Servant of |       |       |       |     5 ||     5
Evoke: Wand              |       |       |     3 |    14 ||    17
       Lightning rod     |       |       |       |     3 ||     3
  Use: Potion            |     1 |     3 |     1 |     3 ||     8
       Scroll            |       |     6 |    11 |     8 ||    25
 Stab: Sleeping          |     8 |       |     2 |       ||    10
       Distracted        |       |       |     3 |     2 ||     5
       Paralysed         |       |       |     8 |     2 ||    10
       Held in net/web   |       |       |       |     1 ||     1
  Eat: Chunk             |     4 |     5 |    10 |    11 ||    30
       Meat ration       |       |     1 |       |     1 ||     2
       Royal jelly       |       |       |     2 |     4 ||     6
Armor: Robe              |    19 |       |       |       ||    19
       Chain mail        |    23 |    20 |   132 |    94 ||   269
       Scale mail        |       |    52 |    16 |       ||    68
       Plate armour      |       |       |       |   167 ||   167
Dodge: Dodged            |    95 |    74 |    84 |   127 ||   380
Block: Buckler           |       |       |       |    39 ||    39

Inventory:

Armour
 a - a +0 robe {0}
 c - a +0 chain mail
   (You found it on level 2 of the Dungeon)
 h - a +0 scale mail {10}
   (You took it off an orc on level 2 of the Dungeon)
 i - a +1 pair of boots of running (worn)
   (You found it on level 11 of the Dungeon)
 u - a +0 cloak of invisibility (worn)
   (You found it on level 2 of the Dungeon)
 x - a +0 plate armour (worn) {18}
   (You found it on level 9 of the Dungeon)
 B - a scarf of cloud immunity
   (You found it on level 5 of the Dungeon)
 N - a +2 buckler (worn)
   (You bought it in a shop on level 10 of the Dungeon)
Jewellery
 b - an amulet of guardian spirit (around neck) {Spirit}
   (You found it on level 1 of the Dungeon)
 m - a ring of magical power (right claw) {MP+9}
   (You found it on level 1 of the Lair of Beasts)
 A - a ring of protection from magic (left claw) {MR+}
   (You found it on level 5 of the Dungeon)
 E - an uncursed ring of resist corrosion {rCorr}
   (You found it on level 6 of the Dungeon)
Wands
 d - a wand of digging (25)
   (You found it on level 2 of the Dungeon)
 v - a wand of acid (3)
   (You found it on level 8 of the Dungeon)
 F - a wand of random effects (48)
   (You took it off an orc on level 6 of the Dungeon)
 I - a wand of flame (24)
   (You found it on level 6 of the Dungeon)
 J - a wand of paralysis (6)
   (You found it on level 7 of the Dungeon)
 M - a wand of iceblast (22)
   (You found it on level 8 of the Dungeon)
Scrolls
 f - 2 scrolls of fog
 k - 3 scrolls of remove curse
 t - 7 scrolls of teleportation {!r}
 y - 2 scrolls of magic mapping
 L - 2 scrolls of fear
Potions
 j - a potion of magic
 l - 7 potions of flight
 n - a potion of mutation
 o - a potion of cancellation
 p - a potion of brilliance
 s - 2 potions of ambrosia
 w - 2 potions of curing
 C - a potion of resistance {unknown}
 H - a potion of lignification {unknown}
Miscellaneous
 K - a lightning rod (1/4)
   (You found it on level 10 of the Dungeon)
Comestibles
 g - 15 bread rations
 z - 3 meat rations You were in an ice cave. You worshipped Makhleb. Makhleb was extremely pleased with you. You were not hungry. You visited 4 branches of the dungeon, and saw 14 of its levels. You also visited: Ice Cave. You collected 641 gold pieces. You spent 262 gold pieces at shops.

Dungeon Overview and Level Annotations

Branches:
Dungeon (11/15)            Temple (1/1) D:6            Lair (1/6) D:11
    Orc (1/2) D:10

Altars:
Ashenzari
Cheibriados
Dithmenos
Elyvilon
Fedhas
Gozag
Hepliaklqana
Kikubaaqudgha
Makhleb
Nemelex Xobeh
Okawaru
Qazlal
Ru
Sif Muna
Trog
Uskayaw
Vehumet
Wu Jian
Xom
Yredelemnul
Zin
The Shining One

Shops:
D:10 [

Annotations:
Orc:1 Salmacis's ghost, journeyman MiFi IceCv exclusion: ice statue


Message History

A demon appears!
Your ufetubus hits the ice statue.
Your ufetubus hits the ice statue but does no damage.
The ice statue gestures.
You take 4 damage, and have 86/91 hp.
Your ufetubus hits the ice statue but does no damage. x2
The ice statue gestures at you. The freezing blast engulfs you!
You take 5 damage, and have 81/91 hp.
You now have 23/24 mp.
You are engulfed in freezing vapours.
Your ufetubus hits the ice statue but does no damage. x4
You take 10 damage, and have 71/91 hp.
You now have 20/24 mp.
You block the ice beast's attack.
Your ufetubus hits the ice statue but does no damage.
Your ufetubus hits the ice statue.
The ice statue gestures.
You swap places.
Your smoke demon is engulfed in freezing vapours.
The ice beast hits your ufetubus but does no damage.
The ice statue gestures.
You scratch the ice statue.
Your ufetubus hits the ice statue but does no damage.
Your ufetubus hits the ice statue.
Your smoke demon is engulfed in freezing vapours.
The ice beast hits your ufetubus. The ice beast freezes your ufetubus.
Your ufetubus resists.
You claw the ice statue!
Your ufetubus hits the ice statue but does no damage. x2
The ice statue gestures at you. The shard of ice hits you!
The ice beast hits you but does no damage.
You block the ice beast's attack.
Your ufetubus hits the ice statue.
Your ufetubus hits the ice statue but does no damage.
You take 7 damage, and have 65/91 hp.
You now have 18/24 mp.
You scratch the ice statue but do no damage.
Your smoke demon gestures at the ice statue.
The ice statue is smitten.
The ice beast misses your ufetubus. The ice statue gestures at you.
The bolt of cold hits you!
The ice beast hits you but does no damage.
Your ufetubus hits the ice statue but does no damage. x2
You take 16 damage, and have 49/91 hp.
You now have 14/24 mp.
You scratch the ice statue. You block the ice beast's attack.
The ice beast completely misses your ufetubus.
Your ufetubus hits the ice statue.
Your ufetubus hits the ice statue but does no damage.
You catch the helpless ice statue completely off-guard!
You scratch the ice statue. The ice statue gestures at you.
The shard of ice hits you! The ice beast hits you. The ice beast freezes you!
* * * LOW HITPOINT WARNING * * *
The ice beast hits you.
* * * LOW MAGIC WARNING * * *;
* * * LOW HITPOINT WARNING * * *
The ice beast freezes you!
* * * LOW MAGIC WARNING * * *;
* * * LOW HITPOINT WARNING * * *
Your ufetubus hits the ice statue but does no damage. x2
The ice beast closely misses your ufetubus.
Your smoke demon hits the ice beast. x2
Your smoke demon barely misses the ice beast.
You take 13 damage, and have 36/91 hp.
You now have 9/24 mp.
You scratch the ice statue but do no damage.
Your ufetubus hits the ice statue but does no damage. x2
The ice statue gestures at you. The freezing blast engulfs you!
* * * LOW MAGIC WARNING * * *;
* * * LOW HITPOINT WARNING * * *
The ice beast hits you but does no damage.
The ice beast closely misses you.
The ice beast completely misses your ufetubus.
Your smoke demon is engulfed in freezing vapours.
Your smoke demon hits the ice beast.
Your smoke demon hits the ice beast but does no damage.
Your smoke demon hits the ice beast.
You take 11 damage, and have 25/91 hp.
You now have 6/24 mp.
Your plate armour prevents you from hitting the ice statue.
You are engulfed in freezing vapours.
* * * LOW MAGIC WARNING * * *;
* * * LOW HITPOINT WARNING * * *
Your ufetubus is engulfed in freezing vapours.
Your ufetubus dies!
The ice beast hits you but does no damage.
Your iron imp hits the ice beast!
The ice beast hits you.
* * * LOW HITPOINT WARNING * * *
The ice beast freezes you!
* * * LOW MAGIC WARNING * * *;
* * * LOW HITPOINT WARNING * * *
You take 23 damage, and have 2/91 hp.
MASSIVE DAMAGE!!
You now have 0/24 mp.
Okay, then.
You feel much better.
You are engulfed in freezing vapours.
* * * LOW HITPOINT WARNING * * *
Your smoke demon is engulfed in freezing vapours.
Your smoke demon dies!
The ice beast hits you but does no damage. x2
Your iron imp hits the ice beast.
You regained 19 hp, and now have 21/91 hp.
You are engulfed in freezing vapours.
* * * LOW HITPOINT WARNING * * *
The ice beast hits your iron imp but does no damage.
The ice beast hits you but does no damage.
The ice beast hits you.
* * * LOW HITPOINT WARNING * * *
The ice beast freezes you!
* * * LOW MAGIC WARNING * * *
You die...

#####
####..=###
##........##
##..........#
##...........#
#..........8.#
#.........§..#
#.∩.©.5§@Y.:.#
#......Y§Y?.)#
#......§8§.8.#
##...........#
##..........#
##........##
####...###
#####


You could see an ice statue, 3 ice beasts and a friendly iron imp.

Notes
Turn   | Place    | Note
-------+----------+-------------------------------------------
     0 | D:1      | theanonym the Demonspawn Monk began the quest for the Orb.
     0 | D:1      | Reached XP level 1. HP: 18/18 MP: 1/1
   161 | D:1      | Reached skill level 3 in Unarmed Combat
   182 | D:1      | Gained mutation: You have sharp fingernails. [demonic ancestry]
   182 | D:1      | Reached XP level 2. HP: 24/24 MP: 2/2
   862 | D:1      | Reached XP level 3. HP: 26/29 MP: 3/3
  1162 | D:2      | HP: 14/29 [poisoned by an adder]
  1169 | D:2      | HP: 12/29 [poisoned by an adder]
  1176 | D:2      | HP: 10/29 [poisoned by an adder]
  1184 | D:2      | HP: 9/29 [poisoned by an adder]
  1487 | D:2      | Noticed Sigmund
  1651 | D:2      | HP: 13/29 [worm (3)]
  1899 | D:2      | Found an opulent altar of Gozag.
  1906 | D:2      | Reached skill level 4 in Unarmed Combat
  2018 | D:2      | Gained mutation: You have sharp toenails. [demonic ancestry]
  2018 | D:2      | Reached XP level 4. HP: 37/37 MP: 4/4
  2306 | D:2      | Found an ancient bone altar of Kikubaaqudgha.
  2307 | D:2      | Found a blossoming altar of Fedhas.
  2633 | D:3      | Noticed Grinder
  2928 | D:3      | Reached skill level 4 in Fighting
  2928 | D:3      | Gained mutation: You are slightly more attuned to the shadows. [demonic ancestry]
  2928 | D:3      | Reached XP level 5. HP: 27/42 MP: 1/5
  3761 | D:4      | Reached skill level 5 in Unarmed Combat
  3850 | D:4      | Found a shattered altar of Ashenzari.
  4006 | D:4      | Noticed an ogre
  4155 | D:3      | HP: 18/43 [Grinder/nerve-wracking pain (7)]
  4159 | D:3      | Paralysed by Grinder for 7 turns
  4173 | D:3      | HP: 19/43 [Grinder (8)]
  4175 | D:3      | Killed Grinder
  4175 | D:3      | Gained mutation: You have a pair of small antennae on your head. [demonic ancestry]
  4175 | D:3      | Reached XP level 6. HP: 20/50 MP: 1/6
  4403 | D:2      | Noticed Robin
  4413 | D:2      | Killed Robin
  4549 | D:2      | Killed Sigmund
  4549 | D:2      | Reached skill level 5 in Fighting
  4549 | D:2      | Reached skill level 6 in Unarmed Combat
  4549 | D:2      | Gained mutation: A weak demonic guardian rushes to your aid. [demonic ancestry]
  4549 | D:2      | Reached XP level 7. HP: 34/56 MP: 3/7
  5038 | D:4      | HP: 25/56 [something (5)]
  5413 | D:4      | Found a deep blue altar of Sif Muna.
  5413 | D:4      | Found a snail-covered altar of Cheibriados.
  5539 | D:4      | Reached skill level 7 in Unarmed Combat
  5671 | D:5      | Entered Level 5 of the Dungeon
  5762 | D:5      | HP: 19/57 [ogre/giant club (16)]
  5763 | D:5      | Reached skill level 6 in Fighting
  6031 | D:5      | Reached XP level 8. HP: 64/64 MP: 8/8
  6296 | D:5      | Reached skill level 8 in Unarmed Combat
  7125 | D:6      | Reached skill level 7 in Fighting
  7211 | D:6      | Found a staircase to the Ecumenical Temple.
  7217 | Temple   | Entered the Ecumenical Temple
  7384 | Temple   | Became a worshipper of Makhleb the Destroyer
  7384 | Temple   | Reached * piety under Makhleb
  7384 | Temple   | Reached ** piety under Makhleb
  7433 | D:6      | Reached skill level 1 in Invocations
  7439 | D:6      | Reached skill level 9 in Unarmed Combat
  7628 | D:6      | Reached skill level 2 in Invocations
  7709 | D:6      | Reached XP level 9. HP: 70/72 MP: 10/10
  8449 | D:7      | Reached skill level 3 in Invocations
  8974 | D:7      | Reached skill level 8 in Fighting
  8974 | D:7      | Reached skill level 10 in Unarmed Combat
  8978 | D:7      | HP: 37/74 [poisoned by an orc wizard]
  9243 | D:7      | Learned a level 1 spell: Apportation
  9273 | D:7      | Reached skill level 3 in Dodging
  9335 | D:8      | Noticed a two-headed ogre
  9395 | D:8      | Reached skill level 1 in Armour
  9418 | D:8      | Reached *** piety under Makhleb
  9519 | D:8      | Killed a two-headed ogre
  9519 | D:8      | Reached skill level 2 in Armour
  9519 | D:8      | Reached skill level 4 in Invocations
  9559 | D:8      | Gained mutation: You have very sharp fingernails. [demonic ancestry]
  9559 | D:8      | Reached XP level 10. HP: 67/82 MP: 9/13
 10091 | D:8      | Reached skill level 4 in Dodging
 10241 | D:8      | Found a deep blue altar of Sif Muna.
 10382 | D:8      | HP: 39/82 [gnoll/flail (6)]
 10387 | D:8      | HP: 38/82 [poisoned by a worker ant]
 10392 | D:8      | HP: 36/82 [poisoned by a worker ant]
 10399 | D:8      | HP: 35/82 [poisoned by a worker ant]
 10406 | D:8      | HP: 34/82 [poisoned by a worker ant]
 10414 | D:8      | HP: 34/82 [poisoned by a worker ant]
 10698 | D:9      | HP: 39/82 [orc warrior/halberd (12)]
 10978 | D:9      | Reached skill level 3 in Armour
 11220 | D:9      | Reached **** piety under Makhleb
 11428 | D:9      | Found a sacrificial altar of Ru.
 11434 | D:9      | Reached skill level 9 in Fighting
 11619 | D:9      | Found a hide-covered altar of Uskayaw.
 11806 | D:10     | Entered Level 10 of the Dungeon
 11806 | D:10     | Noticed a two-headed ogre
 11840 | D:9      | Reached skill level 11 in Unarmed Combat
 11871 | D:10     | Noticed Josephine
 12104 | D:10     | HP: 34/83 [two-headed ogre/dire flail (22)]
 12546 | D:10     | Reached skill level 5 in Dodging
 12549 | D:10     | Reached skill level 4 in Armour
 12566 | D:10     | Killed Josephine
 12566 | D:10     | Reached XP level 11. HP: 70/89 MP: 8/14
 13049 | D:10     | HP: 40/90 [gargoyle/flail (12)]
 13227 | D:10     | Noticed a two-headed ogre
 13234 | D:10     | Killed a two-headed ogre
 13234 | D:10     | Reached skill level 5 in Armour
 13358 | D:10     | Reached skill level 12 in Unarmed Combat
 13358 | D:10     | Reached skill level 5 in Invocations
 13594 | D:10     | Found a staircase to the Orcish Mines.
 13634 | D:10     | Found Guimigh's Antique Armour Emporium.
 13637 | D:10     | Bought a runed buckler for 262 gold pieces
 13667 | Orc:1    | Entered Level 1 of the Orcish Mines
 13677 | Orc:1    | Reached skill level 1 in Shields
 13747 | Orc:1    | Noticed Salmacis's ghost (journeyman MiFi)
 13863 | D:11     | Reached skill level 2 in Shields
 13895 | D:11     | Found a staircase to the Lair.
 13896 | D:11     | Noticed an oklob plant
 13916 | D:11     | Reached ***** piety under Makhleb
 14391 | D:11     | Identified a +1 pair of boots of running (You found it on level 11 of the Dungeon)
 14424 | D:11     | Reached skill level 3 in Shields
 14658 | D:11     | Killed an oklob plant
 14658 | D:11     | Reached skill level 4 in Shields
 14688 | Lair:1   | Entered Level 1 of the Lair of Beasts
 14759 | Lair:1   | Reached skill level 10 in Fighting
 14796 | Lair:1   | Found a frozen archway.
 14807 | IceCv    | Entered an ice cave
 14807 | IceCv    | Noticed a white ugly thing
 14834 | IceCv    | Killed a white ugly thing
 14857 | IceCv    | Found a transporter.
 14873 | IceCv    | Noticed a white ugly thing
 14882 | IceCv    | Killed a white ugly thing
 14895 | IceCv    | Reached skill level 6 in Invocations
 15027 | IceCv    | HP: 43/91 [ice beast[an ice statue] (6)]
 15029 | IceCv    | HP: 13/91 [ice statue] (12)]
 15029 | IceCv    | HP: 2/91 [ice beast[an ice statue] (9)]
 15031 | IceCv    | Slain by an ice beast

Vanquished Creatures
  Josephine (D:10)
  2 two-headed ogres
  2 ugly things (IceCv)
  An oklob plant (D:11)
  An ice statue (IceCv)
  A gargoyle (D:10)
  A komodo dragon (Lair:1)
  4 trolls
  Grinder (D:3)
  A hippogriff (D:9)
  Sigmund (D:2)
  4 wraiths
  4 yaks (D:10)
  A wyvern (D:9)
  2 hungry ghosts (D:11)
  3 vampire mosquitoes (D:10)
  2 water moccasins
  15 ice beasts
  7 sky beasts
  5 orc warriors
  2 phantoms
  4 black bears
  5 ogres
  5 centaurs
  2 big kobolds
  3 bullfrogs
  A gnoll sergeant (D:9)
  A wyvern zombie (D:9)
  A wyvern skeleton (D:9)
  4 scorpions
  11 wights
  4 howler monkeys
  A crimson imp (D:7)
  A quasit (D:11)
  A bullfrog zombie (D:9)
  2 hounds
  A jelly (D:6)
  2 bullfrog skeletons
  2 centaur skeletons
  A centaur zombie (D:10)
  9 orc priests
  6 iguanas
  21 orc wizards
  8 worker ants
  A hound zombie (D:5)
  A worker ant zombie (D:6)
  Robin (D:2)
  3 gnolls
  18 adders
  3 shadow imps
  An ooze (D:2)
  An adder skeleton (D:5)
  3 worms (D:2)
  5 leopard geckos
  51 orcs
  13 giant cockroaches
  19 goblins
  7 hobgoblins
  10 jackals
  13 kobolds
  5 quokkas
  A ball python skeleton (D:5)
  7 bats
  4 frilled lizards
  2 jackal skeletons
  A leopard gecko skeleton (D:9)
  A leopard gecko zombie (D:5)
  7 rats
  A plant (D:11)
336 creatures vanquished.

Vanquished Creatures (collateral kills)
  A troll (Orc:1)
  A vampire mosquito (D:10)
  2 ice beasts
  A centaur (D:9)
  A wight (D:10)
  An orc wizard (D:8)
  An orc priest (D:8)
  A gnoll (D:9)
  An adder (D:7)
  A leopard gecko (D:10)
  5 orcs
  A jackal (D:6)
17 creatures vanquished.

Grand Total: 353 creatures vanquished

Table legend:
 A = Turns spent in this place as a percentage of turns spent in the entire game.
 B = Non-inter-level travel turns spent in this place as a percentage of non-inter-level travel turns spent in the entire game.
 C = Inter-level travel turns spent in this place as a percentage of turns spent in this place.
 D = Turns resting spent in this place as a percentage of non-inter-level travel turns spent in this place.
 E = Turns spent auto-exploring this place as a percentage of non-inter-level travel turns spent in this place.
 F = Non-inter-level travel turns spent in this place divided by the number of levels of this place that you've seen.
                   A       B       C       D       E      F
               +-------+-------+-------+-------+-------+----------------------
         Total | 100.0 | 100.0 |   4.8 |  40.2 |  39.7 | 954.2
       Dungeon |  95.9 |  96.0 |   4.6 |  40.8 |  40.3 | 1249.1
        Temple |   1.3 |   1.0 |  25.0 |   0.0 |  98.0 | 147.0
          Lair |   0.8 |   0.8 |   0.0 |   0.0 |   0.0 | 119.0
  Orcish Mines |   0.6 |   0.6 |   0.0 |  75.9 |   1.2 |  83.0
      Ice Cave |   1.5 |   1.6 |   0.0 |  37.1 |   0.0 | 224.0
               +-------+-------+-------+-------+-------+----------------------
